 Dungeon Crawl Stone Soup version 0.15-a0-60-g2d7d1c5 (webtiles) character file.

1351 Heini the Covered (level 8, 0/71 HPs)
             Began as a Minotaur Fighter on Apr 6, 2014.
             Succumbed to an orc wizard's poison
             ... on Level 6 of the Dungeon.
             The game lasted 00:25:53 (4761 turns).

Heini the Covered (Minotaur Fighter)                Turns: 4761, Time: 00:25:54

HP   0/71        AC 13     Str 22      XL: 8   Next: 17%
MP   3/3         EV  4     Int  5      God:
Gold 184         SH 19     Dex 11      Spells:  0 memorised,  7 levels left

rFire  . . .     SeeInvis .     f - +0 flail
rCold  . . .     Clarity  .     q - +0 plate armour
rNeg   . . .     Conserve .     c - +0 shield
rPois  .         rCorr    .     (helmet restricted)
rElec  .         rRot     .     (no cloak)
SustAb . .       Spirit   .     (no gloves)
rMut   .         Warding  .     (no boots)
Saprov . . .     Stasis   .     (no amulet)
MR     .....                    (no ring)
                                (no ring)

@: lethally poisoned, slowed, very slow, not resistant to hostile enchantments,
extremely unstealthy
A: retaliatory headbutt, horns 2
a: no special abilities


You were on level 6 of the Dungeon.
You were not hungry.

You visited 2 branches of the dungeon, and saw 7 of its levels.

You collected 184 gold pieces.

Inventory:

Hand weapons
 a - a +0,+0 flail
 f - a +0,+0 flail (weapon)
Missiles
 r - 3 stones (quivered)
Armour
 b - a +0 scale mail
 c - a +0 shield (worn)
 q - a +0 plate armour (worn)
Magical devices
 D - a wand of random effects (6) {unknown}
Comestibles
 d - 3 bread rations
 i - 3 meat rations
 n - 2 pears
 o - a lemon
 x - a choko
 z - a chunk of orc flesh
 G - a rotting chunk of hobgoblin flesh
Scrolls
 h - 2 scrolls of identify {unknown}
 l - 3 scrolls of enchant armour {unknown}
 p - 2 scrolls of recharging {unknown}
 s - a scroll of random uselessness {unknown}
 v - a scroll of immolation {unknown}
 w - a scroll of magic mapping {unknown}
 A - 4 scrolls of remove curse {unknown}
Jewellery
 m - an uncursed amulet of warding {unknown}
 y - an uncursed ring of positive energy {unknown}
 E - an uncursed amulet of conservation {unknown}
Potions
 e - 2 potions of might
 g - a potion of invisibility
 j - 4 potions of curing {unknown}
 k - a potion of haste {unknown}
 t - a potion of beneficial mutation {unknown}
 u - a potion of heal wounds {unknown}
 B - a potion of brilliance {unknown}


   Skills:
 * Level 6.6 Fighting
 * Level 6.6 Maces & Flails
 * Level 7.7 Armour
 + Level 3.8 Dodging
 - Level 3.6 Shields


You had 7 spell levels left.
You didn't know any spells.

Dungeon Overview and Level Annotations

Branches:
Dungeon (6/15)             Temple (1/1) D:5

Altars:
Ashenzari
Cheibriados
Dithmenos
Elyvilon
Kikubaaqudgha
Nemelex Xobeh
Sif Muna
Trog
Vehumet
Xom
Yredelemnul
Zin
The Shining One

Annotations:
D:3 Sigmund


Innate Abilities, Weirdness & Mutations

You reflexively headbutt those who attack you in melee.
You have a pair of horns on your head.


Message History

The orc priest barely misses you.
The orc wizard hits you but does no damage.
You are more poisoned.
You hit the orc warrior.
The orc warrior is moderately wounded.
* * * LOW HITPOINT WARNING * * *
You feel very sick. The orc wizard barely misses you. You furiously retaliate!
You headbutt the orc wizard.
The orc priest suddenly roars, as Orcs often do.
The orc priest calls down the wrath of Beogh upon you.
You struggle to resist.
The orc warrior barely misses you.
The orc wizard mumbles some strange words.
The orc wizard blinks!
The orc priest hits you but does no damage.
The orc warrior hits you but does no damage.
You thump the orc warrior!
You headbutt the orc warrior, but do no damage.
The orc warrior is heavily wounded.
You die...

#.......##..#.##.#
###.........#..#.#####
######.........##)#.....
...)....##......#)#..#
.#####..##.##........#
.# #..##...>....<..# ..
#..##.##.#o.##### .#
#..##.....oo# .#
#........##@## ##
##########.ยง.# #...#
#...# #...#
######...#####...
#..........).....
...........>.<.).
#...............


You could see an orc warrior, an orc priest and an orc wizard.

Vanquished Creatures
  A phantom (D:5)
  A centaur (D:5)
  2 ogres
  A scorpion (D:4)
  A hippogriff zombie (D:5)
  2 jellies (D:5)
  A crimson imp (D:5)
  An orc priest (D:2)
  4 orc wizards
  3 iguanas
  4 worker ants (D:4)
  An ogre zombie (D:5)
  An ogre skeleton (D:4)
  8 gnolls
  6 adders
  An inept item mimic (D:5)
  An orc zombie (D:4)
  8 giant geckos
  20 orcs
  9 giant cockroaches
  12 goblins
  13 hobgoblins
  A quokka (D:2)
  3 ball pythons
  9 bats
  6 giant newts
  3 hobgoblin skeletons
  12 jackals
  9 kobolds
  A quokka skeleton (D:5)
  11 rats
  A rat skeleton (D:4)
  A butterfly (D:5)
158 creatures vanquished.

Notes
Turn   | Place    | Note
--------------------------------------------------------------
     0 | D:1      | Heini, the Minotaur Fighter, began the quest for the Orb.
     0 | D:1      | Reached XP level 1. HP: 19/19 MP: 1/1
    60 | D:1      | Found a shimmering altar of Xom.
    61 | D:1      | Found a shimmering altar of Xom.
   164 | D:1      | Reached skill level 4 in Fighting
   171 | D:1      | Reached XP level 2. HP: 27/27 MP: 1/1
   341 | D:1      | Found a shimmering altar of Xom.
   345 | D:1      | Found a shimmering altar of Xom.
   351 | D:1      | You fall through a shaft!
   724 | D:2      | Reached XP level 3. HP: 29/33 MP: 2/2
  1246 | D:2      | Reached skill level 1 in Dodging
  1258 | D:2      | Reached XP level 4. HP: 28/41 MP: 2/2
  1495 | D:2      | Reached skill level 5 in Armour
  1514 | D:2      | Reached XP level 5. HP: 19/47 MP: 2/2
  1774 | D:3      | Noticed Sigmund
  2049 | D:4      | Reached skill level 5 in Fighting
  2314 | D:4      | Reached XP level 6. HP: 54/56 MP: 3/3
  2337 | D:4      | Reached skill level 6 in Armour
  2834 | D:4      | Noticed an ogre
  2839 | D:4      | Killed an ogre
  2839 | D:4      | Reached XP level 7. HP: 31/61 MP: 3/3
  3000 | D:4      | Reached skill level 5 in Maces & Flails
  3342 | D:5      | Entered Level 5 of the Dungeon
  3697 | D:5      | Reached skill level 7 in Armour
  3716 | D:5      | Found a staircase to the Ecumenical Temple.
  3728 | Temple   | Entered the Ecumenical Temple
  4175 | D:5      | Reached XP level 8. HP: 56/71 MP: 3/3
  4760 | D:6      | HP: 3/71 [poisoned by an orc wizard]
  4761 | D:6      | Succumbed to an orc wizard's poison

Action                   |  1- 3 |  4- 6 |  7- 9 || total
-------------------------+-------+-------+-------++-------
Melee: Flail             |    84 |   223 |   226 ||   533
